 Dungeon Crawl Stone Soup version 0.23.2-40-g277498a001 (webtiles) character file.

Game seed: 16871821224124425109

10945 Curus the Spear-Bearer (level 11, 0/95 HPs)
             Began as a Merfolk Gladiator on Oct 4, 2019.
             Was the Champion of Okawaru.
             Slain by a six-headed hydra (3 damage)
             ... on level 10 of the Dungeon.
             The game lasted 01:15:37 (10031 turns).

Curus the Spear-Bearer (Merfolk Gladiator)         Turns: 10031, Time: 01:15:39

Health: 0/95       AC:  9    Str: 15    XL:     11   Next: 70%
Magic:  9/11       EV: 28    Int:  9    God:    Okawaru [******]
Gold:   782        SH:  0    Dex: 19    Spells: 10/10 levels left

rFire    + . .     SeeInvis .   a - +0 trident
rCold    + + .     Gourm    .   (no shield)
rNeg     . . .     Faith    .   j - +0 troll leather armour {Purgy}
rPois    .         Spirit   .   c - +2 helmet
rElec    .         Reflect  .   h - +0 cloak "Wesuruha" {-Cast rC++ rCorr Int+2} (curse)
rCorr    +         Harm     .   (no gloves)
MR       .....     NoCast   +   (no boots)
Stlth    ++++......             (no amulet)
HPRegen  0.65/turn              e - ring of protection from fire
MPRegen  0.12/turn              D - ring of stealth

@: about to teleport, heroism
A: change form in water, swift swim, stealthy swim
a: Heroism, Finesse, Renounce Religion


You were on level 10 of the Dungeon.
You worshipped Okawaru.
Okawaru was exalted by your worship.
You were not hungry.

You visited 1 branch of the dungeon, and saw 11 of its levels.

You collected 872 gold pieces.
You spent 90 gold pieces at shops.

Inventory:

Hand Weapons
 a - a +0 trident (weapon)
Missiles
 d - 4 throwing nets (quivered)
Armour
 b - a +2 leather armour
 c - a +2 helmet (worn)
 h - the cursed +0 cloak "Wesuruha" (worn) {-Cast rC++ rCorr Int+2}
   (You found it on level 4 of the Dungeon)

   It affects your intelligence (+2).
   It greatly protects you from cold.
   It prevents spellcasting.
   It provides partial protection from all sources of acid and corrosion.
   It has a curse placed upon it.
 j - a +0 troll leather armour (worn) {Purgy}
 y - a cursed +0 leather armour
 I - a +4 ring mail of cold resistance
Jewellery
 e - a ring of protection from fire (left hand)
 n - an uncursed ring of protection from fire
 t - an uncursed ring of ice
 v - an uncursed ring of wizardry
 w - an uncursed ring of flight
 B - an uncursed ring of stealth
 D - a ring of stealth (right hand)
 F - an uncursed ring of ice
Wands
 l - a wand of digging (3)
 p - a wand of acid (14)
 s - a wand of paralysis (11)
 A - a wand of disintegration (15)
 C - a wand of polymorph (11)
 H - a wand of iceblast (9)
 L - a wand of flame (25)
Scrolls
 g - 4 scrolls of identify
 k - 4 scrolls of teleportation
 m - 7 scrolls of remove curse
 q - a scroll of amnesia
Potions
 i - 2 potions of flight
 r - 2 potions of heal wounds
 u - 3 potions of curing
 x - 2 potions of haste
 z - 2 potions of agility
 G - a potion of might
 J - a potion of resistance
Miscellaneous
 o - a sack of spiders
 E - a box of beasts
Comestibles
 f - 25 rations
 K - 3 chunks of flesh


   Skills:
 + Level 11.8(16.8) Fighting
 - Level 14.0(19.0) Polearms
 - Level 2.0(7.0) Throwing
 + Level 14.0(19.0) Dodging


You had 10 spell levels left.
You didn't know any spells.
Your spell library contained the following spells:

 Spells                   Type           Power        Failure   Level  Hunger
 Sandblast                Erth           #.....       43%         1    ##.....
 Passwall                 Tmut/Erth      #.......     58%         2    ###....
 Stone Arrow              Conj/Erth      #.....       82%         3    ####...
 Petrify                  Tmut/Erth      #.......     99%         4    #####..
 Lee's Rapid Deconstruct  Erth           #.........   100%        5    ######.


Dungeon Overview and Level Annotations

Branches:
Dungeon (11/15)            Temple (0/1) D:4
   Lair: D:8-11         Orc: D:9-12

Altars:
Ashenzari
Cheibriados
Dithmenos
Gozag
Hepliaklqana
Okawaru
Qazlal
Vehumet
Wu Jian
Yredelemnul
Zin
The Shining One


Message History

The six-headed hydra bites you. The six-headed hydra bites you!
The six-headed hydra completely misses you.
The six-headed hydra bites you! x3
* * * LOW HITPOINT WARNING * * *
You puncture the six-headed hydra!
The six-headed hydra is moderately wounded.
The six-headed hydra bites you!
* * * LOW HITPOINT WARNING * * *
The six-headed hydra misses you. x2; The six-headed hydra bites you.
* * * LOW HITPOINT WARNING * * *
The six-headed hydra bites you.
* * * LOW HITPOINT WARNING * * *
The six-headed hydra bites you but does no damage.
As you read the scroll of teleportation, it crumbles to dust.
You feel strangely unstable.
The six-headed hydra completely misses you.
The six-headed hydra bites you!
* * * LOW HITPOINT WARNING * * *
The six-headed hydra bites you.
You die...

#..(...#####. #....###
## ###########.#.(# #
#...........##.# #
#....[.....###.##
#..........###..#######
#......................
#......D...####.......#
#.....@....# #######.)
#..........# ###
############ # # ## ##.
###.. ######## ##...#
#......###..###


You could see a six-headed hydra.

Vanquished Creatures
  Fannar (D:10)
  Harold (D:9)
  Erica (D:10)
  2 two-headed ogres (D:10)
  The ghost of Emblim88 the Ruffian, a novice TrBe of Trog (D:8)
  Maurice (D:8)
  Joseph (D:10)
  2 trolls (D:10)
  The ghost of Zawski the Chopper, an amateur DsCK of Xom (D:4)
  Grinder (D:5)
  A hippogriff (D:7)
  A slime creature (D:8)
  A wyvern (D:8)
  Sigmund (D:4)
  A spriggan (D:8)
  A steam dragon (D:10)
  2 hungry ghosts
  4 ice beasts
  An orc warrior (D:7)
  A black bear (D:10)
  3 phantoms
  Purgy (D:4)
  A necrophage (D:10)
  6 centaurs
  4 sky beasts
  5 ogres
  A big kobold (D:6)
  4 bullfrogs
  5 scorpions
  4 wights (D:10)
  A howler monkey (D:4)
  An electric eel (D:10)
  A crimson imp (D:8)
  2 centaur zombies
  A bullfrog zombie (D:9)
  A quasit (D:6)
  2 centaur skeletons
  3 jellies
  5 hounds
  4 orc priests
  2 orc wizards (D:4)
  4 bullfrog skeletons
  A gnoll shaman (D:4)
  3 worker ants
  An iguana (D:7)
  A killer bee zombie (D:5)
  A hound zombie (D:7)
  3 worker ant zombies
  13 gnolls
  13 adders
  A river rat (D:4)
  6 shadow imps
  3 oozes
  3 adder skeletons
  4 worms
  2 dart slugs (D:1)
  4 leopard geckos
  20 orcs
  4 ball pythons
  5 giant cockroaches
  12 goblins
  5 hobgoblins
  14 jackals
  8 kobolds
  A quokka (D:8)
  8 bats
  11 frilled lizards
  A jackal skeleton (D:9)
  A leopard gecko zombie (D:7)
  4 rats
  4 fungi (D:10)
244 creatures vanquished.

Notes
Turn   | Place    | Note
-------+----------+-------------------------------------------
     0 | D:1      | Curus the Merfolk Gladiator began the quest for the Orb.
     0 | D:1      | Reached XP level 1. HP: 16/16 MP: 1/1
   100 | D:1      | Reached skill level 5 in Polearms
   106 | D:1      | Reached XP level 2. HP: 12/22 MP: 2/2
   453 | D:1      | Reached XP level 3. HP: 23/27 MP: 3/3
   923 | D:2      | Reached XP level 4. HP: 33/33 MP: 4/4
  1132 | D:2      | Found a shadowy altar of Dithmenos.
  1528 | D:3      | Reached XP level 5. HP: 17/38 MP: 5/5
  2309 | D:3      | Found an iron altar of Okawaru.
  2313 | D:3      | Became a worshipper of Warmaster Okawaru
  2549 | D:3      | Reached XP level 6. HP: 11/44 MP: 6/6
  2558 | D:3      | HP: 2/44 [poisoned by a worker ant]
  2948 | D:4      | Reached skill level 10 in Polearms
  3335 | D:4      | Got a brightly glowing cloak
  3341 | D:4      | Identified the cursed +0 cloak "Wesuruha" {-Cast rC++ rCorr
                  | Int+2} (You found it on level 4 of the Dungeon)
  3360 | D:4      | Found a shattered altar of Ashenzari.
  3362 | D:4      | Noticed Purgy
  3386 | D:4      | Killed Purgy
  3386 | D:4      | Reached * piety under Okawaru
  3497 | D:4      | Reached XP level 7. HP: 50/50 MP: 7/7
  3645 | D:4      | Noticed Sigmund
  3665 | D:4      | Killed Sigmund
  3688 | D:4      | Reached ** piety under Okawaru
  3744 | D:4      | Found a runed translucent door.
  3748 | D:4      | Noticed Zawski's ghost (amateur DsCK)
  3904 | D:4      | Found a staircase to the Ecumenical Temple.
  3945 | D:4      | Found a runed translucent door.
  4003 | D:4      | Reached XP level 8. HP: 39/56 MP: 8/8
  4310 | D:4      | Killed Zawski's ghost
  4478 | D:5      | Entered Level 5 of the Dungeon
  4566 | D:5      | Noticed Grinder
  4568 | D:5      | Found a stormy altar of Qazlal.
  4568 | D:5      | Noticed a water elemental
  4585 | D:5      | Killed Grinder
  4585 | D:5      | Reached *** piety under Okawaru
  4585 | D:5      | Reached skill level 5 in Dodging
  4589 | D:5      | Noticed an air elemental
  4701 | D:5      | Reached XP level 9. HP: 19/66 MP: 6/9
  5144 | D:5      | Reached skill level 5 in Fighting
  5385 | D:6      | Found an ornate altar of the Wu Jian Council.
  5769 | D:6      | Reached **** piety under Okawaru
  5985 | D:7      | Received a gift from Okawaru
  6113 | D:7      | Found Zin's Purification Station.
  6118 | D:7      | Found a glowing silver altar of Zin.
  6155 | D:7      | Bought a potion of curing for 90 gold pieces
  6219 | D:7      | Found an opulent altar of Gozag.
  6699 | D:7      | Reached XP level 10. HP: 50/80 MP: 7/10
  7071 | D:8      | Reached skill level 10 in Dodging
  7117 | D:8      | Noticed Maurice
  7144 | D:8      | Killed Maurice
  7477 | D:8      | Found a runed translucent door.
  7477 | D:8      | Noticed Emblim88's ghost (novice TrBe)
  7792 | D:9      | Noticed Harold
  7825 | D:9      | Killed Harold
  7825 | D:9      | Reached ***** piety under Okawaru
  7933 | D:8      | Killed Emblim88's ghost
  8220 | D:9      | Found a basalt altar of Yredelemnul.
  8232 | D:9      | Reached skill level 10 in Fighting
  8308 | D:9      | Found a radiant altar of Vehumet.
  8369 | D:9      | Found a hazy altar of Hepliaklqana.
  8407 | D:9      | Found a snail-covered altar of Cheibriados.
  8578 | D:10     | Entered Level 10 of the Dungeon
  8602 | D:10     | Reached XP level 11. HP: 46/90 MP: 11/11
  8621 | D:10     | Received a gift from Okawaru
  8843 | D:10     | Noticed Fannar
  8895 | D:10     | Killed Fannar
  8943 | D:9      | Found a glowing golden altar of the Shining One.
  9418 | D:10     | Noticed a two-headed ogre
  9455 | D:10     | Killed a two-headed ogre
  9455 | D:10     | Reached ****** piety under Okawaru
  9531 | D:10     | Noticed a two-headed ogre
  9543 | D:10     | Killed a two-headed ogre
  9552 | D:10     | Noticed Erica
  9581 | D:10     | Killed Erica
  9581 | D:10     | Received a gift from Okawaru
  9853 | D:10     | Noticed Joseph
  9886 | D:10     | Killed Joseph
 10022 | D:11     | Noticed a six-headed hydra
 10031 | D:10     | HP: 3/95 [six-headed hydra (12)]
 10031 | D:10     | Slain by a six-headed hydra

Skill      XL: |  1  2  3  4  5  6  7  8  9 10 11 |
---------------+----------------------------------+-----
Polearms       | 5 6 8 9 10 12 14 | 14.0
Fighting       | 4 7 10 11 | 11.8
Dodging        | 6 9 12 14 | 14.0
Throwing       | |  2.0

Action                   |  1- 3 |  4- 6 |  7- 9 | 10-12 || total
-------------------------+-------+-------+-------+-------++-------
Melee: Trident           |    98 |   255 |   562 |   621 ||  1536
       Tailslap          |       |       |       |     9 ||     9
Invok: Heroism           |       |       |     2 |     3 ||     5
  Use: Potion            |     3 |     4 |     4 |     3 ||    14
       Scroll            |     3 |     6 |     5 |     4 ||    18
 Stab: Sleeping          |     1 |     4 |     2 |     5 ||    12
       Distracted        |       |     1 |       |     1 ||     2
  Eat: Chunk             |       |     5 |     9 |     7 ||    21
       Ration            |       |     1 |     1 |     2 ||     4
Armor: Leather armour    |    17 |    54 |       |       ||    71
       Troll leather arm |       |     1 |    77 |    40 ||   118
Dodge: Dodged            |    49 |   141 |   265 |   241 ||   696
